 Dungeon Crawl Stone Soup version 0.22-a0-373-gab1296c (webtiles) character file.

396 Falco the Shooter (level 6, -1/42 HPs)
             Began as an Octopode Hunter on Apr 25, 2018.
             Slain by a river rat (9 damage)
             ... on level 4 of the Dungeon.
             The game lasted 00:18:09 (2261 turns).

Falco the Shooter (Octopode Hunter)                 Turns: 2261, Time: 00:18:09

Health: -1/42      AC:  1    Str: 11    XL:     6   Next: 82%
Magic:  6/6        EV: 14    Int: 13    God:
Gold:   188        SH:  0    Dex: 15    Spells: 2/5 levels left

rFire    . . .     SeeInvis .   b - +1 whip (elec)
rCold    . . .     Gourm    .   (no shield)
rNeg     . . .     Faith    .   (helmet restricted)
rPois    .         Spirit   .   (no amulet)
rElec    .         Reflect  .   p - ring of protection from magic
rCorr    .         Harm     .   (no ring)
MR       +....                  (no ring)
Stlth    ++++......             (no ring)
HPRegen  0.14/turn              (no ring)
MPRegen  0.10/turn              (no ring)
                                (no ring)
                                (no ring)

@: lethally poisoned (-1 -> -4)
A: almost no armour, stealthy swim, amphibious, 8 rings, constrict 8, camouflage
1, gelatinous body 1
a: no special abilities


You were on level 4 of the Dungeon.
You were hungry.

You visited 1 branch of the dungeon, and saw 4 of its levels.

You collected 188 gold pieces.

Inventory:

Hand Weapons
 a - a +1 shortbow
 b - a +1 whip of electrocution (weapon)
 e - a +0 spear
 g - a +0 hand axe
 h - a +0 dagger
 l - a +0 hand axe
 m - a +0 whip
 n - a +0 short sword
 o - a +2 vampiric spear
 v - a +0 dagger of speed
Missiles
 u - 10 poisoned needles
Jewellery
 p - a ring of protection from magic (left tentacle)
 r - an uncursed ring of flight {unknown}
Scrolls
 f - a scroll of fear {unknown}
 s - a scroll of amnesia {unknown}
Potions
 i - 2 potions of haste
 t - a potion of cancellation {unknown}
 w - a potion of agility
Comestibles
 d - 7 rations


   Skills:
 + Level 3.2 Fighting
 + Level 1.0 Short Blades
 + Level 0.9 Maces & Flails
 + Level 6.7 Bows
 + Level 2.2 Dodging
 + Level 3.1 Stealth


You had 2 spell levels left.
You knew the following spells:

 Your Spells              Type           Power        Failure   Level  Hunger
a - Beastly Appendage     Tmut           #.....       30%         1    ##.....
b - Sticks to Snakes      Tmut           #.......     43%         2    ###....


Dungeon Overview and Level Annotations

Branches:
Dungeon (4/15)
 Temple: D:4-7

Altars:
Makhleb
Nemelex Xobeh
Vehumet

Annotations:
D:3 Collin1234's ghost, amateur HOFi


Innate Abilities, Weirdness & Mutations

You cannot wear most types of armour.
You are very stealthy in the water. (Stealth+)
You are amphibious.
You can wear up to eight rings at the same time.
You can use your tentacles to constrict eight enemies at once.
Your skin changes colour to match your surroundings (Stealth+).
Your rubbery body absorbs attacks. (AC +1, EV +1)


Message History

A river rat comes into view.
You recover from your berserk rage.
The helpless adder fails to defend itself.
You hit the adder. Your grab misses the adder.
The adder is moderately wounded.
The adder misses you. The adder bites you.
You closely miss the adder. You grab the adder.
The adder is moderately wounded.
You constrict the adder. The adder bites you.
* * * LOW HITPOINT WARNING * * *
You are poisoned.
The adder poisons you!
You completely miss the adder.
You kill the adder!
You feel sick.
You barely miss the river rat. You grab the river rat.
Your squeeze misses the river rat.
You constrict the river rat, but do no damage.
The river rat bites you!
You die...

#.......#....).......###
#...........######....##
#.......###..# #......
##########.......# ##.# ##.##..
........†.........# #..# #..#.#
.##.....##############..# ##...#
........#≈≈≈#≈≈ #. #.# #..#.
###....≈#≈#≈#≈######<.#.#####....
#....≈#≈#≈#≈#≈@r≈#..#..#(......
#...≈≈≈≈#≈≈≈≈≈##≈#.............
#....≈#≈#≈##### #.............
###..≈≈≈#≈≈ #....>........
#...#≈#### #..........##. #..≈≈≈#
#..........#.. #...≈≈##
###.........##..
##.##..#######.#########..#..
#.###.#.†.....# #######....


You could see a river rat.

Vanquished Creatures
  An ogre (D:4)
  A scorpion (D:4)
  A crimson imp (D:3)
  A worker ant (D:4)
  A centaur skeleton (D:4)
  A hound skeleton (D:3)
  10 adders
  2 river rats (D:4)
  An ooze (D:4)
  4 worms
  A ball python (D:1)
  4 giant cockroaches
  3 goblins
  7 kobolds
  A quokka (D:4)
  5 bats
  3 frilled lizards
  3 rats
50 creatures vanquished.

Notes
Turn   | Place    | Note
-------+----------+-------------------------------------------
     0 | D:1      | Falco the Octopode Hunter began the quest for the Orb.
     0 | D:1      | Reached XP level 1. HP: 14/14 MP: 1/1
   223 | D:1      | Reached XP level 2. HP: 19/19 MP: 2/2
   615 | D:2      | Reached XP level 3. HP: 17/24 MP: 3/3
   879 | D:2      | Reached skill level 5 in Bows
  1010 | D:2      | Found a faded altar of an unknown god.
  1335 | D:3      | Noticed Collin1234's ghost (amateur HOFi)
  1422 | D:3      | Found a burning altar of Makhleb.
  1423 | D:3      | Found a radiant altar of Vehumet.
  1599 | D:3      | Reached XP level 4. HP: 25/29 MP: 4/4
  1855 | D:3      | Learned a level 1 spell: Beastly Appendage
  1858 | D:3      | Learned a level 2 spell: Sticks to Snakes
  1873 | D:3      | Reached XP level 5. HP: 34/34 MP: 5/5
  1996 | D:4      | Noticed an ogre
  2042 | D:4      | Reached skill level 6 in Bows
  2047 | D:4      | Reached XP level 6. HP: 32/41 MP: 6/6
  2057 | D:4      | Found a sparkling altar of Nemelex Xobeh.
  2155 | D:4      | Reached skill level 1 in Short Blades
  2261 | D:4      | Slain by a river rat

Vault maps used:
D:1:      lemuel_arrival_cross
D:2:      chequers_ecumenical_altar_twisty, corner_web_ring,
          corexii_hall_statues_x
D:3:      grunt_temple_overflow_lords_of_destruction
D:4:      lemuel_coloured_pillars_altar, lightli_sewer_entry_pipes, first_ration

Skill      XL: |  1  2  3  4  5  6 |
---------------+-------------------+-----
Stealth        | 2 3 |  3.1
Bows           | 5 6 |  6.7
Fighting       | 3 |  3.2
Short Blades   | 1 |  1.0
Maces & Flails | |  0.9
Dodging        | |  2.2

Action                   |  1- 3 |  4- 6 || total
-------------------------+-------+-------++-------
Melee: Dagger            |    10 |       ||    10
       Constrict         |     5 |    14 ||    19
       Tentacles         |     3 |    11 ||    14
       Whip              |    15 |    50 ||    65
 Fire: Shortbow          |    52 |    16 ||    68
  Use: Scroll            |     4 |       ||     4
       Potion            |     3 |     2 ||     5
 Stab: Sleeping          |       |     4 ||     4
  Eat: Ration            |     1 |       ||     1
Armor: Skin              |     2 |     3 ||     5
Dodge: Dodged            |    21 |    26 ||    47

Table legend:
 A = Spawn XP
 B = Non-spawn XP
 C = Spawn XP percentage of total XP
 D = Spawn monster count
 E = Non-spawn monster count
 F = Spawn count percentage of total count
 G = Total turns spent on level
                    A         B        C        D         E        F      G
               +---------+---------+-------+---------+---------+-------+---------
         Total |       0 |     566 |   0.0 |       0 |      50 |   0.0 |  2261
               +---------+---------+-------+---------+---------+-------+---------
           D:1 |       0 |      16 |   0.0 |       0 |       9 |   0.0 |   478
           D:2 |       0 |      46 |   0.0 |       0 |      13 |   0.0 |   834
           D:3 |       0 |     116 |   0.0 |       0 |      10 |   0.0 |   579
           D:4 |       0 |     388 |   0.0 |       0 |      18 |   0.0 |   370
               +---------+---------+-------+---------+---------+-------+---------
